 Dungeon Crawl Stone Soup version 0.14-a0-1844-g8283a67 (webtiles) character file.

378 Deemzul the Chopper (level 5, -3/41 HPs)
             Began as a Demonspawn Fighter on Jan 11, 2014.
             Killed from afar by Ijyb (21 damage)
             ... with a wand of fire
             ... on Level 4 of the Dungeon.
             The game lasted 00:05:27 (2967 turns).

Deemzul the Chopper (Demonspawn Fighter)            Turns: 2967, Time: 00:05:27

HP  -3/41        AC  8     Str 14 (17) XL: 5   Next: 52%
MP   5/5         EV  5     Int  9      God:
Gold 174         SH 17     Dex 13      Spells:  0 memorised,  4 levels left

rFire  . . .     SeeInvis .     a - +0 hand axe
rCold  + . .     Clarity  .     b - +0 scale mail
rNeg   . . .     Conserve .     c - +0 shield
rPois  .         rCorr    .     (no helmet)
rElec  .         rRot     .     (no cloak)
SustAb . .       Spirit   .     (no gloves)
rMut   .         Warding  .     (no boots)
Saprov + . .     Stasis   .     (no amulet)
                                (no ring)
                                (no ring)

@: flying (expiring), slightly resistant to hostile enchantments, extremely
unstealthy
A: slimy green scales 1, cold resistance 1, saprovore 1
a: no special abilities


You were on level 4 of the Dungeon.
You were hungry.

You visited 1 branch of the dungeon, and saw 4 of its levels.

You collected 174 gold pieces.

Inventory:

Hand weapons
 a - a +0,+0 hand axe (weapon)
Armour
 b - a +0 scale mail (worn)
 c - a +0 shield (worn)
Comestibles
 d - 3 bread rations
 k - a banana
 q - a choko
 r - 2 meat rations
 s - a snozzcumber
 v - a pear
Scrolls
 f - a scroll of curse weapon {unknown}
 g - 2 scrolls of fear {unknown}
 h - 3 scrolls of identify {unknown}
 i - a scroll of fog {unknown}
 l - a scroll of remove curse {unknown}
 m - a scroll of random uselessness {unknown}
 t - a scroll of magic mapping
 w - a scroll of enchant armour {unknown}
 x - a scroll of blinking {unknown}
Jewellery
 j - an uncursed ring of protection from fire {unknown}
Potions
 e - 3 potions of curing
 n - a potion of heal wounds
 p - a potion of restore abilities
 u - a potion of magic


   Skills:
 - Level 3.0 Fighting
 + Level 5.3 Axes
 - Level 2.6 Armour
 - Level 2.6 Shields


You had 4 spell levels left.
You didn't know any spells.

Dungeon Overview and Level Annotations

Branches:
Dungeon (4/16)
 Temple: D:4-7

Altars:

Annotations:
D:4 Ijyb


Innate Abilities, Weirdness & Mutations

You are partially covered in slimy green scales (AC +2).
Your flesh is cold resistant.
You can tolerate rotten meat.


Message History

You hit the kobold.
The kobold is severely wounded.
Your shield and scale mail prevent you from hitting the kobold.
The kobold is severely wounded.
The kobold closely misses you.
You hit the kobold.
You kill the kobold!
Your shield and scale mail prevent you from hitting Ijyb.
Ijyb screams, "Level is mine!
All mine!"
Ijyb zaps a wand.
The bolt of fire hits you!
Your scroll labeled DANOEH BRUCK catches fire!
Your shield prevents you from hitting Ijyb.
You block Ijyb's attack.
You hit Ijyb but do no damage.
Ijyb zaps a wand.
The bolt of fire hits you!
You hit Ijyb.
Ijyb is lightly wounded.
Ijyb zaps a wand.
The bolt of fire hits you!
One of your 2 scrolls labeled JAANAQ DAA catches fire!
Ouch! That really hurt!
You die...

#.######
##.#####
#.# . #
#.# .# #
#.# . #
#(# # #(#
#(####
#(<..###.#
#@.......#
#)g#.#####
#..#.[.
#(.# #.#
#... .#
.....
.....
...%.# ...


You could see Ijyb.

Vanquished Creatures
  A worker ant (D:4)
  Jessica (D:3)
  A hound skeleton (D:4)
  3 adders (D:2)
  2 giant mites
  2 worms
  A giant eyeball (D:4)
  4 orcs (D:3)
  2 ball pythons
  10 bats
  3 giant cockroaches
  9 hobgoblins
  17 jackals
  An ooze (D:1)
  A giant gecko (D:2)
  6 giant newts
  8 goblins
  4 kobolds
  3 quokkas (D:2)
  13 rats
92 creatures vanquished.

Notes
Turn   | Place    | Note
--------------------------------------------------------------
     0 | D:1      | Deemzul, the Demonspawn Fighter, began the quest for the Orb.
     0 | D:1      | Reached XP level 1. HP: 18/18 MP: 1/1
   213 | D:1      | Gained mutation: You are partially covered in slimy green scales (AC +2). [demonic ancestry]
   213 | D:1      | Reached XP level 2. HP: 24/24 MP: 2/2
   867 | D:2      | Gained mutation: Your flesh is cold resistant. [demonic ancestry]
   867 | D:2      | Reached XP level 3. HP: 29/29 MP: 3/3
  1319 | D:2      | Reached XP level 4. HP: 28/35 MP: 4/4
  1369 | D:2      | Reached skill level 4 in Axes
  1910 | D:3      | Noticed Jessica
  1932 | D:3      | Killed Jessica
  2022 | D:3      | Gained mutation: You can tolerate rotten meat. [demonic ancestry]
  2022 | D:3      | Reached XP level 5. HP: 41/41 MP: 5/5
  2479 | D:3      | Reached skill level 5 in Axes
  2669 | D:4      | Paralysed by a giant eyeball for 3 turns
  2675 | D:4      | Paralysed by a giant eyeball for 2 turns
  2961 | D:4      | Noticed Ijyb
  2967 | D:4      | Killed from afar by Ijyb

Action                   |  1- 3 |  4- 6 || total
-------------------------+-------+-------++-------
Melee: Hand axe          |   187 |   215 ||   402
  Use: Potion            |     3 |     3 ||     6
       Scroll            |     1 |       ||     1
